 Dungeon Crawl Stone Soup version 0.29.1-2-gbd0b4ee654 (webtiles) character file.

Game seed: 7403379182792317361

443 qeuew the Sneak (level 7, -7/46 HPs)
             Began as an Octopode Brigand on Nov 7, 2022.
             Mangled by an ogre
             ... wielding a +0 giant club
              (31 damage)
             ... on level 5 of the Dungeon.
             The game lasted 00:05:23 (4837 turns).

qeuew the Sneak (Octopode Brigand)                  Turns: 4837, Time: 00:05:25

Health: -7/46      AC:  6    Str:  7 (8)  XL:     7   Next: 2%
Magic:  19/19      EV: 18    Int: 13 (14) God:
Gold:   271        SH:  0    Dex: 15      Spells: 10/10 levels left

rFire   . . .      SeeInvis +   a - +3 dagger
rCold   . . .      Faith    .   (no shield)
rNeg    . . .      Spirit   .   (helmet restricted)
rPois   .          Reflect  .   (no amulet)
rElec   .          Harm     .   k - +4 ring of evasion
rCorr   .          Rampage  .   m - ring of see invisible
Will    .....      Rnd*Tele +   o - ring of magical power
Stlth   +++++.....              n - +4 ring of protection
HPRegen 0.15/turn               (no ring)
MPRegen 0.16/turn               (no ring)
                                (no ring)
                                (no ring)

@: no status effects
A: almost no armour, amphibious, 8 rings, camouflage 1, gelatinous body 1,
(nimble swimmer 1), tentacles, tentacle spike 1, shaggy fur 1, teleportitis 1,
weak 1
a: no special abilities


You were on level 5 of the Dungeon.
You visited 1 branch of the dungeon, and saw 5 of its levels.

You collected 271 gold pieces.

Inventory:

Hand Weapons
 a - a +3 dagger (weapon)
Missiles
 b - 11 poisoned darts (quivered)
 c - 3 curare-tipped darts
Jewellery
 k - a +4 ring of evasion (left tentacle)
 m - a ring of see invisible (right tentacle)
 n - a +4 ring of protection (on tentacle)
 o - a ring of magical power (on tentacle)
Scrolls
 e - 3 scrolls of teleportation
 h - a scroll of enchant armour
 i - a scroll of brand weapon
 j - 2 scrolls of identify
Potions
 d - a potion of ambrosia
 f - 2 potions of curing
 g - 2 potions of cancellation
 l - a potion of brilliance


   Skills:
 + Level 3.1 Fighting
 + Level 3.3 Short Blades
 + Level 3.2 Throwing
 + Level 2.7 Dodging
 * Level 7.5 Stealth
 + Level 2.0 Spellcasting


You had 10 spell levels left.
You didn't know any spells.
Your spell library contained the following spells:

 Spells                   Type           Power      Damage    Failure   Level
 Ignite Poison            Fire/Tmut/Pois 1%         N/A       58%         3
 Mephitic Cloud           Conj/Pois/Air  1%         N/A       58%         3
 Freezing Cloud           Conj/Ice/Air   0%         6-21      100%        5


Dungeon Overview and Level Annotations

Branches:
Dungeon (5/15)
 Temple: D:4-7

Altars:


Innate Abilities, Weirdness & Mutations

You cannot wear most types of armour.
You are amphibious.
You can wear up to eight rings at the same time.
Your skin changes colour to match your surroundings (Stealth+).
Your rubbery body absorbs attacks. (AC +1, EV +1)
((You are camouflaged when in or above water. (Stealth+)))
You have tentacles for arms and can constrict up to eight enemies at once.
One of your tentacles bears a spike.
You are covered in fur. (AC +1)
You are occasionally teleported next to monsters.
You are weak. (Str -2)


Message History

No target in view!
No target in view!
No target in view!
No target in view!
No target in view!
No target in view!
No target in view!
No target in view!
No target in view!
You feel strangely unstable.
You are yanked towards a nearby monster!
Your surroundings suddenly seem different.
An ogre comes into view. It is wielding a +0 giant club.
Found a stone staircase leading down.
The ogre shouts!
A quokka and an orc come into view.
The ogre hits you with a +0 giant club!!
The orc shouts!
You barely miss the ogre. You hit the ogre. You squeeze the ogre!
The ogre is moderately wounded.
The ogre misses you.
You hit the ogre but do no damage.
You pierce the ogre, but do no damage.
The ogre is moderately wounded.
You completely miss the ogre.
You pierce the ogre.
You squeeze the ogre.
The ogre is severely wounded.
The ogre completely misses you.
You hit the ogre.
Your tentacle spike misses the ogre.
The ogre is severely wounded.
The orc misses you. The ogre misses you.
You completely miss the ogre.
The ogre is severely wounded.
The orc hits you with a +0 club.
You hit the ogre.
Your tentacle spike misses the ogre.
The ogre is almost dead.
The ufetubus hits you but does no damage.
The ufetubus misses you.
The ogre hits you with a +0 giant club!!
Ouch! That really hurt!
You die...

....... ....
......##.......
...............# ....
................ ....
>..........##.#. .....
##..............#. ....#
#Oor#.............
#...##@###.............
###.....5..#.............
...........#.##........##
.............##........##
.#...........#.......#.##
##..................###.
####...................
.# #.......##........###
...##.........5.......##.


You could see an ogre, an orc, an ufetubus and a quokka.

Vanquished Creatures
  A centaur (D:4)
  2 orc priests (D:4)
  A gnoll bouda (D:4)
  Crazy Yiuf (D:3)
  Jessica (D:3)
  An iguana (D:4)
  An orc wizard (D:4)
  4 adders
  4 gnolls
  An ufetubus (D:5)
  2 worms
  A dart slug (D:4)
  4 orcs (D:4)
  9 ball pythons
  12 bats
  10 endoplasms
  A giant cockroach (D:2)
  6 goblins
  5 hobgoblins
  6 jackals
  8 kobolds
  2 quokkas
  6 frilled lizards
  13 rats
102 creatures vanquished.

Vanquished Creatures (others)
  2 fungi (D:3)
2 creatures vanquished.

Grand Total: 104 creatures vanquished

Notes
Turn   | Place    | Note
-------+----------+-------------------------------------------
     0 | D:1      | qeuew the Octopode Brigand began the quest for the Orb.
     0 | D:1      | Reached XP level 1. HP: 14/14 MP: 1/1
   315 | D:1      | Reached XP level 2. HP: 19/19 MP: 2/2
  1257 | D:2      | Reached XP level 3. HP: 24/24 MP: 3/3
  1535 | D:2      | Found a faded altar of an unknown god.
  1740 | D:2      | Reached skill level 6 in Stealth
  1759 | D:2      | Reached XP level 4. HP: 30/30 MP: 4/4
  2506 | D:3      | Noticed Jessica
  2520 | D:3      | Killed Jessica
  2521 | D:3      | Reached skill level 1 in Spellcasting
  2521 | D:3      | Reached XP level 5. HP: 22/35 MP: 6/6
  3214 | D:3      | Found a runed translucent door.
  3215 | D:3      | Noticed Crazy Yiuf
  3222 | D:3      | Killed Crazy Yiuf
  3225 | D:3      | Gained mutation: You are partially covered in iridescent
                  | scales. (AC +2) [potion of mutation]
  3225 | D:3      | Gained mutation: You are occasionally teleported next to
                  | monsters. [potion of mutation]
  3225 | D:3      | Gained mutation: Your spells are a little harder to cast,
                  | but a little more powerful. [potion of mutation]
  3226 | D:3      | Lost mutation: You are partially covered in iridescent
                  | scales. (AC +2) [potion of mutation]
  3226 | D:3      | Lost mutation: Your spells are a little harder to cast, but
                  | a little more powerful. [potion of mutation]
  3226 | D:3      | Gained mutation: You are weak. (Str -2) [potion of
                  | mutation]
  3226 | D:3      | Gained mutation: You are covered in fur. (AC +1) [potion of
                  | mutation]
  3226 | D:3      | Gained mutation: One of your tentacles bears a spike.
                  | [potion of mutation]
  3297 | D:4      | Noticed a centaur
  3304 | D:4      | Killed a centaur
  3305 | D:4      | Reached XP level 6. HP: 21/41 MP: 8/8
  3582 | D:4      | Reached skill level 7 in Stealth
  4533 | D:4      | Reached XP level 7. HP: 46/46 MP: 9/9
  4776 | D:5      | Entered Level 5 of the Dungeon
  4837 | D:5      | Mangled by an ogre

Illustrated notes

Levels and vault maps discovered:
D:1:      amcnicky_arrival_gap_in_the_tavern_cellar, layout_loops_ring,
          minmay_tree_intersection, dk_noncrumbling_2, minmay_misc_feat_pillars
D:2:      minmay_razor_zed, layout_loops_ring, ebering_ecumenical_altar_webs,
          minmay_tetromino_t4
D:3:      minmay_angry_zag, layout_basic, minmay_misc_feat_four_crosses,
          uniq_crazy_yiuf_cottage, uniq_jessica
D:4:      layout_gridville
D:5:      layout_cave_pools, serial_glass, glass_columns_a, glass_columns_a,
          kennysheep_boxes

Skill      XL: |  1  2  3  4  5  6  7 |
---------------+----------------------+-----
Stealth        | 6 7 |  7.5
Dodging        | 2 |  2.7
Spellcasting   | 1 2 |  2.0
Short Blades   | 3 |  3.3
Throwing       | 3 |  3.2
Fighting       | 3 |  3.1

Action                   |  1- 3 |  4- 6 |  7- 9 || total
-------------------------+-------+-------+-------++-------
Melee: Dagger            |    71 |   124 |    10 ||   205
       Tentacles         |    12 |    27 |     2 ||    41
       Constrict         |    12 |    25 |       ||    37
       Punch             |       |     3 |       ||     3
       Kick              |       |    23 |     2 ||    25
Throw: Dart              |     1 |       |       ||     1
  Use: Scroll            |     5 |     5 |     1 ||    11
       Potion            |     3 |     4 |       ||     7
 Stab: Sleeping          |    20 |    21 |     3 ||    44
       Distracted        |     1 |     2 |       ||     3
Armor: Skin              |    11 |     8 |     1 ||    20
Dodge: Dodged            |    33 |    82 |     5 ||   120
